[Event "46th GRE-chT Premier 2018"]
[Site "Rio Achaia"]
[Date "2018.07.11"]
[Round "3"]
[White "Petraki, Maria"]
[Black "Makropoulou, Marina"]
[Result "1-0"]
[ECO "B85"]
[WhiteElo "1962"]
[BlackElo "2135"]
[Annotator "NA"]
[PlyCount "91"]
[EventDate "2018.07.10"]
[EventType "team-tourn"]
[EventCountry "GRE"]
[SourceTitle "playchess.com"]
[Source "ChessBase"]
[SourceQuality "1"]
[TimeControl "40/5400+30:1800+30"]

1. e4 c5 2. Nf3 e6 3. d4 cxd4 4. Nxd4 Nc6 5. Nc3 d6 6. Be2 Nf6 7. O-O Be7 8. Be3 a6 9. f4 Qc7 10. Qe1 O-O 11. Kh1 Bd7 12. Qg3 Nxd4 13. Bxd4 Bc6 14. Bd3 g6 15. f5 e5 16. Be3 b5 17. Bh6 Rfe8 18. a3 Rac8 19. Rae1 Qd8 20. Re3 Nh5 21. Qg4 Nf6 22. Qh3 d5 23. fxg6 hxg6 24. Ref3 Bd7 25. Qg3 Rxc3 26. bxc3 dxe4 27. Rxf6 Bxf6 28. Bxe4 Bg7 29. Rxf7 Re7 30. Rxe7 Qxe7 31. Qxg6 Qf6 32. Bd5+ Kh8 33. Bxg7+ Qxg7 34. Qh5+ Qh7 35. Qxe5+ Qg7 36. Qb8+ Kh7 37. Be4+ Kh6 38. Qd6+ Kg5 39. Qg3+ Kf6 40. Qd6+ Kg5 41. Qg3+ Kf6 42. Qxg7+ Kxg7 43. Kg1 Kf6 44. Kf2 Ke5 45. Ke3 a5 46. Bd3 1-0

[Event "46th GRE-chT Premier 2018"]
[Site "Rio Achaia"]
[Date "2018.07.11"]
[Round "3"]
[White "Salahidou, Reveka"]
[Black "Serpetsidaki, Eva"]
[Result "1-0"]
[ECO "B35"]
[WhiteElo "1955"]
[BlackElo "1591"]
[Annotator "NA"]
[PlyCount "73"]
[EventDate "2018.07.10"]
[EventType "team-tourn"]
[EventCountry "GRE"]
[SourceTitle "playchess.com"]
[Source "ChessBase"]
[SourceQuality "1"]
[TimeControl "40/5400+30:1800+30"]

1. e4 c5 2. Nf3 g6 3. d4 cxd4 4. Nxd4 Nc6 5. Nc3 Bg7 6. Be3 Nf6 7. Bc4 Qa5 8. O-O O-O 9. Bb3 d6 10. f3 Bd7 11. Qd2 Rfd8 12. Rad1 Rac8 13. Qf2 b6 14. Rfe1 Ne5 15. Kh1 Nc4 16. Bxc4 Rxc4 17. Nb3 Qa6 18. h3 Qc8 19. Re2 Be6 20. Nb5 Qb7 21. e5 Nd5 22. exd6 exd6 23. Bg5 Rd7 24. Rxe6 fxe6 25. Qe2 Qc6 26. Qxe6+ Kf8 27. Rxd5 Be5 28. Bh6+ Bg7 29. Bxg7+ Kxg7 30. Nxd6 Rxc2 31. Nd4 Rc1+ 32. Kh2 Qc7 33. f4 Rh1+ 34. Kxh1 Qc1+ 35. Kh2 Qxf4+ 36. Kg1 Qc1+ 37. Kf2 1-0

[Event "46th GRE-chT Premier 2018"]
[Site "Rio Achaia"]
[Date "2018.07.11"]
[Round "3"]
[White "Kolomvas, Ioannis"]
[Black "Ilandzis, Spyridon"]
[Result "0-1"]
[ECO "A01"]
[WhiteElo "1951"]
[BlackElo "1980"]
[Annotator "NA"]
[PlyCount "58"]
[EventDate "2018.07.10"]
[EventType "team-tourn"]
[EventCountry "GRE"]
[SourceTitle "playchess.com"]
[Source "ChessBase"]
[SourceQuality "1"]
[TimeControl "40/5400+30:1800+30"]

1. b3 e5 2. Bb2 Nc6 3. e3 d5 4. Bb5 Bd6 5. f4 f6 6. Qh5+ g6 7. Qh4 Bd7 8. Nc3 Nb4 9. fxe5 fxe5 10. Bxd7+ Qxd7 11. O-O-O Ne7 12. Nf3 O-O-O 13. Nxe5 Qf5 14. Nd3 Nxd3+ 15. cxd3 Qxd3 16. Qg4+ Kb8 17. Rde1 Nc6 18. a3 Rhf8 19. Qe2 Ne5 20. Ref1 Qxe2 21. Nxe2 Nd3+ 22. Kc2 Nf2 23. Nd4 Nxh1 24. Rxh1 Rf2 25. h4 Rxg2 26. h5 a6 27. hxg6 hxg6 28. Rh7 Re8 29. Kd3 Be5 0-1

[Event "46th GRE-chT Premier 2018"]
[Site "Rio Achaia"]
[Date "2018.07.11"]
[Round "3"]
[White "Dimopoulos, Dimitrios"]
[Black "Goumas, Georgios"]
[Result "0-1"]
[ECO "B22"]
[WhiteElo "1944"]
[BlackElo "2384"]
[Annotator "NA"]
[PlyCount "84"]
[EventDate "2018.07.10"]
[EventType "team-tourn"]
[EventCountry "GRE"]
[SourceTitle "playchess.com"]
[Source "ChessBase"]
[SourceQuality "1"]
[TimeControl "40/5400+30:1800+30"]

1. e4 c5 2. c3 g6 3. d4 cxd4 4. cxd4 d5 5. exd5 Nf6 6. Nc3 Bg7 7. Nf3 Nxd5 8. Qb3 Nb6 9. Bb5+ Bd7 10. Be3 O-O 11. Bxd7 N8xd7 12. O-O Nf6 13. Rac1 Rc8 14. Rfd1 Nfd5 15. Nxd5 Qxd5 16. Qxd5 Nxd5 17. Kf1 Rfd8 18. Ke2 Kf8 19. Rxc8 Rxc8 20. Rc1 Rd8 21. a3 Ke8 22. Rc2 h6 23. h3 f5 24. Bd2 g5 25. Ne5 Nb6 26. Bc3 Bxe5 27. dxe5 Rc8 28. Kd1 Kf7 29. g3 Ke6 30. f4 gxf4 31. gxf4 Nd5 32. Bd2 Rg8 33. Bc1 Rg1+ 34. Ke2 Rh1 35. Kf3 Rxh3+ 36. Kg2 Rd3 37. Rf2 Rd1 38. Rc2 Rd3 39. Rf2 Kf7 40. Re2 Kg6 41. Kh2 Rf3 42. Kg2 Rxf4 0-1

[Event "46th GRE-chT Premier 2018"]
[Site "Rio Achaia"]
[Date "2018.07.11"]
[Round "3"]
[White "Karaboikis, Spiridon"]
[Black "Spiliopoulos, Alexios"]
[Result "1/2-1/2"]
[ECO "A43"]
[WhiteElo "1942"]
[BlackElo "1943"]
[Annotator "NA"]
[PlyCount "64"]
[EventDate "2018.07.10"]
[EventType "team-tourn"]
[EventCountry "GRE"]
[SourceTitle "playchess.com"]
[Source "ChessBase"]
[SourceQuality "1"]
[TimeControl "40/5400+30:1800+30"]

1. d4 c5 2. c3 Qc7 3. Nf3 e6 4. g3 d5 5. Bf4 Bd6 6. Bxd6 Qxd6 7. Bg2 Nf6 8. Nbd2 O-O 9. O-O Nc6 10. Re1 cxd4 11. cxd4 Qb4 12. Nb3 a5 13. a3 Qb6 14. Qc2 Ne4 15. e3 Bd7 16. Nc5 Nxc5 17. dxc5 Qc7 18. Nd4 Ne7 19. b4 e5 20. Ne2 b6 21. Nc3 axb4 22. axb4 Rxa1 23. Rxa1 d4 24. exd4 exd4 25. Nd5 Nxd5 26. Bxd5 bxc5 27. bxc5 Bc6 28. Qe4 Bxd5 29. Qxd5 Qd8 30. Qxd8 Rxd8 31. c6 Rc8 32. Rb1 Kf8 1/2-1/2

[Event "46th GRE-chT Premier 2018"]
[Site "Rio Achaia"]
[Date "2018.07.11"]
[Round "3"]
[White "Konstantelias, Konstantinos"]
[Black "Pappas, Apostolos"]
[Result "1-0"]
[ECO "A02"]
[WhiteElo "1942"]
[BlackElo "2034"]
[Annotator "NA"]
[PlyCount "85"]
[EventDate "2018.07.10"]
[EventType "team-tourn"]
[EventCountry "GRE"]
[SourceTitle "playchess.com"]
[Source "ChessBase"]
[SourceQuality "1"]
[TimeControl "40/5400+30:1800+30"]

1. f4 g6 2. Nf3 Bg7 3. g3 c5 4. Bg2 Nc6 5. O-O d6 6. c3 e5 7. d3 Nge7 8. Na3 h6 9. Bd2 Be6 10. Qc2 Rc8 11. e4 Qd7 12. Rae1 O-O 13. Nc4 b5 14. Ne3 exf4 15. gxf4 f5 16. Bc1 b4 17. exf5 Nxf5 18. Nxf5 gxf5 19. Kh1 bxc3 20. bxc3 Kh7 21. Bb2 Rg8 22. Qf2 Bf6 23. c4 Bxb2 24. Qxb2 Rcf8 25. Bh3 Qf7 26. Rxe6 Qxe6 27. Qb7+ Rg7 28. Qxc6 Rfg8 29. Qd5 Qe2 30. Qxf5+ Kh8 31. Qf6 Qe7 32. Qxh6+ Rh7 33. Qe6 Qb7 34. Qf6+ Qg7 35. Qxg7+ Rgxg7 36. Be6 Rb7 37. Rf2 Kg7 38. Ng5 Rh4 39. Kg2 Kf6 40. Kg3 Rh8 41. Bd5 Re7 42. Ne4+ Kg7 43. f5 1-0

[Event "46th GRE-chT Premier 2018"]
[Site "Rio Achaia"]
[Date "2018.07.11"]
[Round "3"]
[White "Tsomis, Dimitrios"]
[Black "Georgiev, Krum"]
[Result "0-1"]
[ECO "B90"]
[WhiteElo "1938"]
[BlackElo "2330"]
[Annotator "NA"]
[PlyCount "88"]
[EventDate "2018.07.10"]
[EventType "team-tourn"]
[EventCountry "GRE"]
[SourceTitle "playchess.com"]
[Source "ChessBase"]
[SourceQuality "1"]
[TimeControl "40/5400+30:1800+30"]

1. e4 c5 2. Nf3 d6 3. d4 cxd4 4. Nxd4 Nf6 5. Nc3 a6 6. f3 e6 7. a4 b6 8. Be3 Be7 9. Qd2 Bb7 10. Be2 O-O 11. O-O Qc7 12. Rfd1 Nc6 13. Nxc6 Bxc6 14. Bf1 Qb7 15. Qf2 b5 16. axb5 axb5 17. Bd3 Rfc8 18. Ne2 d5 19. e5 Ne4 20. Qe1 Nc5 21. Nd4 Bd7 22. Bf1 Na4 23. b3 Nc3 24. Rxa8 Qxa8 25. Ra1 Qb8 26. f4 b4 27. Bd3 g6 28. Ne2 Ne4 29. Bxe4 dxe4 30. Qd2 Bc6 31. Nd4 Bb7 32. Nb5 Bd5 33. Nd4 Bc5 34. Ra2 Qb6 35. Qf2 Bb7 36. Ra1 Qc7 37. Nb5 Bxe3 38. Qxe3 Qxc2 39. Nd6 Qb2 40. Rf1 Rc2 41. Qg3 Bd5 42. Qg5 h6 43. Qxh6 Rxg2+ 44. Kh1 e3 0-1

[Event "46th GRE-chT Premier 2018"]
[Site "Rio Achaia"]
[Date "2018.07.11"]
[Round "3"]
[White "Laspas, Panagiotis"]
[Black "Vallianos, Gerasimos"]
[Result "1/2-1/2"]
[ECO "A59"]
[WhiteElo "1917"]
[BlackElo "1899"]
[Annotator "NA"]
[PlyCount "60"]
[EventDate "2018.07.10"]
[EventType "team-tourn"]
[EventCountry "GRE"]
[SourceTitle "playchess.com"]
[Source "ChessBase"]
[SourceQuality "1"]
[TimeControl "40/5400+30:1800+30"]

1. d4 Nf6 2. c4 c5 3. d5 b5 4. cxb5 a6 5. bxa6 Bxa6 6. Nc3 d6 7. e4 Bxf1 8. Kxf1 g6 9. Nf3 Bg7 10. g3 Nbd7 11. Kg2 O-O 12. a4 Qb6 13. Qe2 Rfb8 14. Nb5 Ne8 15. Bg5 Kf8 16. Bf4 Nc7 17. e5 Nxb5 18. axb5 dxe5 19. Nxe5 Nxe5 20. Bxe5 Bxe5 21. Rxa8 Rxa8 22. Qxe5 f6 23. Qe3 Qxb5 24. Re1 Re8 25. Qe6 Qb7 26. Rc1 Qb5 27. Rc2 Rd8 28. Qc6 Qb3 29. Rxc5 Qxb2 30. Qe6 Qd4 1/2-1/2

[Event "46th GRE-chT Premier 2018"]
[Site "Rio Achaia"]
[Date "2018.07.11"]
[Round "3"]
[White "Betsakos, Konstantinos"]
[Black "Marinakis, Hristos"]
[Result "1/2-1/2"]
[ECO "A49"]
[WhiteElo "1913"]
[BlackElo "1942"]
[Annotator "NA"]
[PlyCount "67"]
[EventDate "2018.07.10"]
[EventType "team-tourn"]
[EventCountry "GRE"]
[SourceTitle "playchess.com"]
[Source "ChessBase"]
[SourceQuality "1"]
[TimeControl "40/5400+30:1800+30"]

1. d4 Nf6 2. Nf3 g6 3. g3 Bg7 4. Bg2 d6 5. O-O O-O 6. a4 Nbd7 7. a5 a6 8. Nc3 e5 9. e4 exd4 10. Nxd4 Nc5 11. h3 Re8 12. Re1 Ne6 13. Nb3 Rb8 14. Be3 b6 15. axb6 cxb6 16. Nd4 Bb7 17. Nxe6 Rxe6 18. Nd5 Nxd5 19. exd5 Re8 20. c3 b5 21. Qd2 Qc7 22. h4 h5 23. Bh6 Bxh6 24. Qxh6 Qc5 25. Qg5 b4 26. Be4 Kg7 27. Re3 Re5 28. Qf4 Bxd5 29. Rxa6 Bxe4 30. Rxe4 bxc3 31. Rxe5 dxe5 32. Qf6+ Kg8 33. bxc3 Qxc3 34. Ra7 1/2-1/2

[Event "46th GRE-chT Premier 2018"]
[Site "Rio Achaia"]
[Date "2018.07.11"]
[Round "3"]
[White "Koutsidi, Amalia"]
[Black "Liapi Zenebisi, Irini"]
[Result "0-1"]
[ECO "B43"]
[WhiteElo "1911"]
[BlackElo "1788"]
[Annotator "NA"]
[PlyCount "78"]
[EventDate "2018.07.10"]
[EventType "team-tourn"]
[EventCountry "GRE"]
[SourceTitle "playchess.com"]
[Source "ChessBase"]
[SourceQuality "1"]
[TimeControl "40/5400+30:1800+30"]

1. e4 c5 2. Nf3 e6 3. d4 cxd4 4. Nxd4 a6 5. Nc3 Qc7 6. Bd3 Bc5 7. Nb3 Ba7 8. O-O Nf6 9. Qe2 Nc6 10. Be3 O-O 11. Bxa7 Rxa7 12. f4 d6 13. g4 b5 14. g5 Ne8 15. Qh5 g6 16. Qh6 f5 17. exf5 gxf5 18. Rae1 Qb6+ 19. Kg2 Nc7 20. Rf3 Nd8 21. Rh3 Ne8 22. Rg1 Rg7 23. Kf1 Nf7 24. Qh4 Nh8 25. Rf3 Bb7 26. Rf2 Ng6 27. Qg3 e5 28. fxe5 f4 29. Qg4 dxe5 30. Be4 b4 31. Bxb7 Qxb7 32. Qe6+ Kh8 33. Nd5 Nc7 34. Nxc7 Qxc7 35. Qd5 Rd7 36. Qe4 Rfd8 37. Re2 a5 38. Kg2 a4 39. Nc1 Rd4 0-1

[Event "46th GRE-chT Premier 2018"]
[Site "Rio Achaia"]
[Date "2018.07.11"]
[Round "3"]
[White "Gavriil, Odysseas-Panagiotis"]
[Black "Berbatis, Antonios"]
[Result "1-0"]
[ECO "A05"]
[WhiteElo "1910"]
[BlackElo "1881"]
[Annotator "NA"]
[PlyCount "53"]
[EventDate "2018.07.10"]
[EventType "team-tourn"]
[EventCountry "GRE"]
[SourceTitle "playchess.com"]
[Source "ChessBase"]
[SourceQuality "1"]
[TimeControl "40/5400+30:1800+30"]

1. Nf3 Nf6 2. g3 e6 3. Bg2 b6 4. O-O Bb7 5. d3 d5 6. Nbd2 Be7 7. Re1 O-O 8. e4 dxe4 9. Ng5 h6 10. Ngxe4 Nxe4 11. Nxe4 Nd7 12. Nf6+ Bxf6 13. Bxb7 Rb8 14. Bg2 Ne5 15. Rb1 Qd7 16. Bf4 Ng6 17. Be3 c5 18. Be4 Ne7 19. Qf3 Nd5 20. Bd2 Bg5 21. Bxg5 hxg5 22. Bxd5 exd5 23. Re5 d4 24. Rxg5 Qa4 25. Qf6 g6 26. Rg4 Qxc2 27. Rh4 1-0

[Event "46th GRE-chT Premier 2018"]
[Site "Rio Achaia"]
[Date "2018.07.11"]
[Round "3"]
[White "Karakatsanis, Nikolaos"]
[Black "Michaelides, Konstantinos"]
[Result "1-0"]
[ECO "A45"]
[WhiteElo "1907"]
[BlackElo "2282"]
[Annotator "NA"]
[PlyCount "91"]
[EventDate "2018.07.10"]
[EventType "team-tourn"]
[EventCountry "GRE"]
[SourceTitle "playchess.com"]
[Source "ChessBase"]
[SourceQuality "1"]
[TimeControl "40/5400+30:1800+30"]

1. d4 Nf6 2. Bf4 e6 3. e3 c5 4. Nf3 cxd4 5. exd4 Be7 6. Bd3 O-O 7. O-O d6 8. Nc3 b6 9. Ne4 Bb7 10. Qe2 a6 11. Rfe1 Nxe4 12. Bxe4 Bxe4 13. Qxe4 d5 14. Qd3 Nc6 15. Ne5 Nxe5 16. Bxe5 Bf6 17. Qf3 Bxe5 18. Rxe5 Qc7 19. c3 b5 20. Rae1 Qc4 21. b3 Qc7 22. Rg5 Kh8 23. Rh5 Kg8 24. Re3 f5 25. Rxe6 Qf7 26. Re5 g6 27. Rh3 Rae8 28. Qf4 Qc7 29. Rd3 b4 30. Qe3 f4 31. Qe1 Rxe5 32. dxe5 Re8 33. cxb4 Rxe5 34. Qd2 Qc2 35. h3 Qb1+ 36. Kh2 Re1 37. g3 f3 38. g4 Re2 39. Qc3 Rxf2+ 40. Kg3 Rg2+ 41. Kh4 Rc2 42. Qe5 Qc1 43. Qxd5+ Kg7 44. Qe5+ Kf8 45. Rd8+ Kf7 46. Rd7+ {[%emt 0:00:03] a5} 1-0

[Event "46th GRE-chT Premier 2018"]
[Site "Rio Achaia"]
[Date "2018.07.11"]
[Round "3"]
[White "Serefidou, Despina"]
[Black "Skaraki, Antigoni"]
[Result "1-0"]
[ECO "B52"]
[WhiteElo "1906"]
[BlackElo "2027"]
[Annotator "NA"]
[PlyCount "65"]
[EventDate "2018.07.10"]
[EventType "team-tourn"]
[EventCountry "GRE"]
[SourceTitle "playchess.com"]
[Source "ChessBase"]
[SourceQuality "1"]
[TimeControl "40/5400+30:1800+30"]

1. e4 c5 2. Nf3 d6 3. Bb5+ Bd7 4. Bxd7+ Qxd7 5. O-O Nc6 6. c3 Nf6 7. Qe2 e5 8. d3 Be7 9. Na3 Rb8 10. Nc4 O-O 11. Ne3 d5 12. Nf5 dxe4 13. dxe4 Rfd8 14. Bg5 Qe6 15. Nxe7+ Nxe7 16. Bxf6 Qxf6 17. Rfd1 h6 18. Qc4 b6 19. Qa4 a5 20. Rd7 Ng6 21. Rad1 Nf4 22. Nxe5 Rxd7 23. Nxd7 Qg5 24. g3 Rb7 25. Qc6 Qg4 26. Rd2 Nh3+ 27. Kf1 Ra7 28. Qc8+ Kh7 29. Nf6+ gxf6 30. Qxg4 Ng5 31. Qf5+ Kg7 32. h4 Ne6 33. e5 1-0

[Event "46th GRE-chT Premier 2018"]
[Site "Rio Achaia"]
[Date "2018.07.11"]
[Round "3"]
[White "Brokalakis - Gounaris, Christos"]
[Black "Damianou, Ioannis"]
[Result "1-0"]
[ECO "E46"]
[WhiteElo "1901"]
[BlackElo "2058"]
[Annotator "NA"]
[PlyCount "59"]
[EventDate "2018.07.10"]
[EventType "team-tourn"]
[EventCountry "GRE"]
[SourceTitle "playchess.com"]
[Source "ChessBase"]
[SourceQuality "1"]
[TimeControl "40/5400+30:1800+30"]

1. d4 Nf6 2. c4 e6 3. Nc3 Bb4 4. e3 O-O 5. Nge2 c6 6. a3 Ba5 7. c5 d5 8. cxd6 Qxd6 9. b4 Bc7 10. g3 e5 11. Bb2 Nbd7 12. Bg2 exd4 13. Qxd4 Ne5 14. O-O Be6 15. Rfd1 Qe7 16. Ne4 Bb3 17. Rdb1 Bc4 18. Nxf6+ Qxf6 19. Qxc4 Nxc4 20. Bxf6 gxf6 21. b5 Be5 22. Ra2 cxb5 23. Rxb5 Rad8 24. Bxb7 Rd3 25. Be4 Rd1+ 26. Kg2 Nd6 27. Rd5 Re1 28. Bd3 Rd1 29. Bxh7+ Kxh7 30. Rxd1 1-0

[Event "46th GRE-chT Premier 2018"]
[Site "Rio Achaia"]
[Date "2018.07.11"]
[Round "3"]
[White "Kalofonos, Panayotis"]
[Black "Michos, Thomas"]
[Result "1/2-1/2"]
[ECO "C49"]
[WhiteElo "1896"]
[BlackElo "2211"]
[Annotator "NA"]
[PlyCount "60"]
[EventDate "2018.07.10"]
[EventType "team-tourn"]
[EventCountry "GRE"]
[SourceTitle "playchess.com"]
[Source "ChessBase"]
[SourceQuality "1"]
[TimeControl "40/5400+30:1800+30"]

1. e4 e5 2. Nf3 Nc6 3. Nc3 Nf6 4. Bb5 Bb4 5. O-O O-O 6. d3 d6 7. Ne2 Ne7 8. Ng3 Ng6 9. c3 Ba5 10. d4 c6 11. Bd3 Re8 12. h3 h6 13. Be3 Be6 14. Qc2 Qd7 15. Rad1 Bb6 16. Rfe1 Rad8 17. Nf5 exd4 18. cxd4 Bxf5 19. exf5 Ne7 20. Bd2 Ned5 21. g3 Rxe1+ 22. Rxe1 Re8 23. Rxe8+ Qxe8 24. Kg2 Qd7 25. Qd1 Ne7 26. Qc2 Ned5 27. Qd1 Ne7 28. Qc2 Ned5 29. Qd1 Ne7 30. Qc2 Ned5 1/2-1/2

[Event "46th GRE-chT Premier 2018"]
[Site "Rio Achaia"]
[Date "2018.07.11"]
[Round "3"]
[White "Georgiadis, Alexandros"]
[Black "Hrisomalis, Theodoros"]
[Result "0-1"]
[ECO "D46"]
[WhiteElo "1882"]
[BlackElo "2163"]
[Annotator "NA"]
[PlyCount "96"]
[EventDate "2018.07.10"]
[EventType "team-tourn"]
[EventCountry "GRE"]
[SourceTitle "playchess.com"]
[Source "ChessBase"]
[SourceQuality "1"]
[TimeControl "40/5400+30:1800+30"]

1. d4 d5 2. c4 e6 3. Nc3 Nf6 4. Nf3 c6 5. e3 Nbd7 6. Bd3 Bd6 7. O-O O-O 8. Qc2 dxc4 9. Bxc4 e5 10. Bb3 exd4 11. exd4 h6 12. h3 Nb6 13. Bxh6 gxh6 14. Qg6+ Kh8 15. Qxh6+ Nh7 16. Bc2 f5 17. Nh4 Qf6 18. Qh5 Kg7 19. f4 Qh6 20. Qxh6+ Kxh6 21. Rae1 Nd5 22. Nxd5 cxd5 23. Re3 Bd7 24. Bb3 Nf6 25. g3 Rae8 26. Rfe1 Re4 27. Bc2 Rxe3 28. Rxe3 Ne4 29. Kh2 Rg8 30. Ng2 Bc7 31. Bxe4 dxe4 32. Rb3 Bb6 33. d5 Rc8 34. Rc3 Kg6 35. Nh4+ Kf6 36. Kg2 Bd4 37. Rxc8 Bxc8 38. b3 b5 39. Kf1 b4 40. Ke1 Bc5 41. Ng2 Bb7 42. g4 Bxd5 43. g5+ Kf7 44. Nh4 Be6 45. Ke2 Bb6 46. Ng2 Kg6 47. Ne1 Bc5 48. Nc2 Kh5 0-1

[Event "46th GRE-chT Premier 2018"]
[Site "Rio Achaia"]
[Date "2018.07.11"]
[Round "3"]
[White "Giatrakos, Orestis"]
[Black "Mourogiannis, Konstantinos"]
[Result "1-0"]
[ECO "C41"]
[WhiteElo "1860"]
[BlackElo "1805"]
[Annotator "NA"]
[PlyCount "83"]
[EventDate "2018.07.10"]
[EventType "team-tourn"]
[EventCountry "GRE"]
[SourceTitle "playchess.com"]
[Source "ChessBase"]
[SourceQuality "1"]
[TimeControl "40/5400+30:1800+30"]

1. e4 e5 2. Nf3 d6 3. d4 Nd7 4. Nc3 Be7 5. Bc4 Ngf6 6. O-O O-O 7. a4 a5 8. h3 c6 9. Qe2 Qc7 10. Rd1 h6 11. Ba2 Nb6 12. Qe3 Nh5 13. dxe5 dxe5 14. Qe2 Be6 15. Ne1 Bxa2 16. Qxh5 Be6 17. Rd3 Kh7 18. Rg3 Rh8 19. Nf3 Nd7 20. Ng5+ Bxg5 21. Bxg5 g6 22. Qh4 Kg7 23. Be3 Nb6 24. b3 Rad8 25. Rf1 Nc8 26. f4 Qe7 27. Qxe7 Nxe7 28. f5 Bxf5 29. exf5 Nd5 30. Nxd5 cxd5 31. fxg6 f6 32. Rgf3 Rd6 33. Bc5 Rc6 34. Be7 Re8 35. Bxf6+ Kxg6 36. Bh4 Ree6 37. Rg3+ Kh7 38. Rf7+ Kh8 39. Rgg7 e4 40. Rh7+ Kg8 41. Rfg7+ Kf8 42. Be7+ 1-0

[Event "46th GRE-chT Premier 2018"]
[Site "Rio Achaia"]
[Date "2018.07.11"]
[Round "3"]
[White "Koukas, Anastasios"]
[Black "Kalogeris, Ioannis"]
[Result "0-1"]
[ECO "B47"]
[WhiteElo "1853"]
[BlackElo "2339"]
[Annotator "NA"]
[PlyCount "74"]
[EventDate "2018.07.10"]
[EventType "team-tourn"]
[EventCountry "GRE"]
[SourceTitle "playchess.com"]
[Source "ChessBase"]
[SourceQuality "1"]
[TimeControl "40/5400+30:1800+30"]

1. e4 c5 2. Nf3 e6 3. d4 cxd4 4. Nxd4 Nc6 5. Nc3 Qc7 6. Be2 a6 7. O-O Nf6 8. Be3 Bb4 9. Nxc6 bxc6 10. Qd4 c5 11. Qc4 Bb7 12. a3 Bxc3 13. Qxc3 O-O 14. f3 Rfc8 15. Bg5 Ne8 16. e5 c4 17. Rad1 Bd5 18. Be3 Qc6 19. Qd4 Rab8 20. Rb1 d6 21. Bf4 f6 22. exd6 e5 23. Bxe5 fxe5 24. Qxe5 Nf6 25. Qf4 Rb6 26. Rfd1 Qxd6 27. Qd4 Qc5 28. Kf2 Qxd4+ 29. Rxd4 Kf7 30. b3 cxb3 31. cxb3 Rc2 32. b4 Re6 33. Re1 Bc6 34. Kf1 Rexe2 35. Rxe2 Bb5 36. Kf2 Rxe2+ 37. Kg3 Re3 0-1

[Event "46th GRE-chT Premier 2018"]
[Site "Rio Achaia"]
[Date "2018.07.11"]
[Round "3"]
[White "Koutsogiannopoulou, Theodora"]
[Black "Juhasz, Barbara"]
[Result "1-0"]
[ECO "B41"]
[WhiteElo "1852"]
[BlackElo "2227"]
[Annotator "NA"]
[PlyCount "105"]
[EventDate "2018.07.10"]
[EventType "team-tourn"]
[EventCountry "GRE"]
[SourceTitle "playchess.com"]
[Source "ChessBase"]
[SourceQuality "1"]
[TimeControl "40/5400+30:1800+30"]

1. e4 c5 2. Nf3 e6 3. d4 cxd4 4. Nxd4 a6 5. c4 Nf6 6. Nc3 Qc7 7. f3 Be7 8. Be3 b6 9. Qd2 Bb7 10. Rc1 d6 11. Be2 Nbd7 12. O-O O-O 13. Rfd1 Rac8 14. Bf1 Qb8 15. Qf2 Rfe8 16. Kh1 Bd8 {[%emt 0:03:31] [#]} 17. Rd2 $146 {[%emt 0:09:02] A31: Englische Eröffnung (Symmetrische Variante)} ({Vorgänger:} 17. h3 Bc7 18. b4 d5 19. cxd5 Bg3 20. Qd2 exd5 21. Nf5 dxe4 22. f4 Nh5 23. Qxd7 Bxf4 24. Bxf4 Qxf4 25. Ne2 {1-0 (25) Malakhov,V (2696)-Wang,Y (2442) China 2017}) 17... Ne5 18. b3 d5 19. exd5 exd5 20. Nf5 g6 21. Nh6+ Kg7 22. cxd5 Nxd5 23. Rxd5 Bxd5 24. Nxd5 Rxc1 25. Bxc1 Qd6 26. Ne3 Qc5 27. Bd2 f6 28. Bxa6 Bc7 29. a4 Rd8 30. b4 Qc6 31. Bb5 Qe6 32. Nhg4 Nxg4 33. Nxg4 h5 34. Ne3 Qa2 35. Be1 Qa1 36. Kg1 Bf4 37. g3 Be5 38. Nc2 Qc1 39. Kf1 Rc8 40. Bd3 Bc3 41. Qxb6 Bxe1 42. Nxe1 Re8 43. Be2 Qb2 44. Qb5 Re5 45. Qc4 h4 46. f4 Re7 47. Kf2 hxg3+ 48. hxg3 Qd2 49. Nc2 Kh6 50. a5 Qd6 51. a6 g5 52. Qd4 $18 Qe6 53. Bc4 1-0

[Event "46th GRE-chT Premier 2018"]
[Site "Rio Achaia"]
[Date "2018.07.11"]
[Round "3"]
[White "Stefanou, Dimitrios"]
[Black "Paraskakis, Filippos"]
[Result "1-0"]
[ECO "A58"]
[WhiteElo "1824"]
[BlackElo "1344"]
[Annotator "NA"]
[PlyCount "91"]
[EventDate "2018.07.10"]
[EventType "team-tourn"]
[EventCountry "GRE"]
[SourceTitle "playchess.com"]
[Source "ChessBase"]
[SourceQuality "1"]
[TimeControl "40/5400+30:1800+30"]

1. d4 Nf6 2. c4 c5 3. d5 b5 4. cxb5 a6 5. bxa6 g6 6. Nc3 Bg7 7. e4 Bxa6 8. Bxa6 Rxa6 9. Nf3 d6 10. O-O O-O 11. h3 Nbd7 12. Qc2 Qa5 13. Nd2 Rb8 14. Nc4 Qb4 15. Qe2 Nb6 16. Nxd6 Ra5 17. a3 Qb3 18. Ndb5 Nc4 19. a4 Nd7 20. Bf4 Rb7 21. Rab1 Ndb6 22. Qd1 Qxd1 23. Rfxd1 Nxa4 24. Nxa4 Raxb5 25. Rdc1 Nxb2 26. Nxc5 Ra7 27. Nd3 Ra8 28. Nxb2 Rxb2 29. Rxb2 Bxb2 30. Rc7 g5 31. Bg3 Kf8 32. Kf1 h5 33. Rb7 Ra1+ 34. Ke2 Bf6 35. Rb8+ Kg7 36. e5 Ra2+ 37. Ke3 Ra3+ 38. Kd4 Ra4+ 39. Kc5 Bxe5 40. Bxe5+ f6 41. Bd4 Ra5+ 42. Kc6 Ra6+ 43. Rb6 Ra4 44. Be3 Ra2 45. Kd7 Kf7 46. Re6 1-0

[Event "46th GRE-chT Premier 2018"]
[Site "Rio Achaia"]
[Date "2018.07.11"]
[Round "3"]
[White "Makris, Spyridon-Dionysios"]
[Black "Papadopoulos, Zisis"]
[Result "1/2-1/2"]
[ECO "D35"]
[WhiteElo "1799"]
[BlackElo "1834"]
[Annotator "NA"]
[PlyCount "99"]
[EventDate "2018.07.10"]
[EventType "team-tourn"]
[EventCountry "GRE"]
[SourceTitle "playchess.com"]
[Source "ChessBase"]
[SourceQuality "1"]
[TimeControl "40/5400+30:1800+30"]

1. d4 Nf6 2. c4 e6 3. Nc3 d5 4. cxd5 exd5 5. Bg5 Be7 6. e3 c6 7. Bd3 Nbd7 8. h3 O-O 9. Nf3 Re8 10. O-O Ne4 11. Bf4 Ndf6 12. Qc2 Bf8 13. Ne5 g6 14. f3 Nxc3 15. bxc3 Nh5 16. Bh2 Bh6 17. f4 Nf6 18. Rae1 Ne4 19. Bxe4 dxe4 20. g4 f6 21. Nc4 Qd5 22. Nd2 f5 23. g5 Bf8 24. c4 Qf7 25. Rb1 Be6 26. a4 b6 27. Bg3 Rab8 28. Rfd1 Red8 29. Be1 a5 30. Rdc1 Ba3 31. Rd1 Rdc8 32. Ra1 Bb4 33. Rdc1 b5 34. c5 Bxd2 35. Qxd2 b4 36. Qb2 Bd5 37. Rc2 Qa7 38. Rd1 Qa6 39. Rcc1 Kg7 40. h4 Rh8 41. Kg2 h6 42. gxh6+ Rxh6 43. Kg1 Kf7 44. Kg2 Rbh8 45. Kg1 Ke6 46. Bf2 Qb7 47. Be1 Qa6 48. Bf2 Qa7 49. Be1 Qa6 50. Bf2 1/2-1/2

[Event "46th GRE-chT Premier 2018"]
[Site "Rio Achaia"]
[Date "2018.07.11"]
[Round "3"]
[White "Eleftheriou, Georgios"]
[Black "Koukouliatas, Sotirios Georgios"]
[Result "1-0"]
[ECO "A04"]
[WhiteElo "1790"]
[BlackElo "1130"]
[Annotator "NA"]
[PlyCount "59"]
[EventDate "2018.07.10"]
[EventType "team-tourn"]
[EventCountry "GRE"]
[SourceTitle "playchess.com"]
[Source "ChessBase"]
[SourceQuality "1"]
[TimeControl "40/5400+30:1800+30"]

1. Nf3 g6 2. e3 Bg7 3. d4 d5 4. Bd3 Nf6 5. Ne5 O-O 6. Nd2 e6 7. f4 Bd7 8. Qf3 c5 9. c3 c4 10. Bc2 Nc6 11. h4 b5 12. h5 a5 13. hxg6 fxg6 14. Qh3 Qc8 15. Ndf3 b4 16. g4 Be8 17. Ng5 h6 18. Ngf3 Ne4 19. Bd2 bxc3 20. Bxc3 a4 21. Nxc6 Qxc6 22. Bb4 Nd6 23. Ne5 Qb6 24. a3 Kh7 25. g5 Bf7 26. Nd7 Qd8 27. Nf6+ Kh8 28. Qxh6+ Bxh6 29. Rxh6+ Kg7 30. Rh7# 1-0